 Dungeon Crawl Stone Soup version 0.28-a0-128-gcbb86046cc (webtiles) character file.

Game seed: 1709840709932390100

1548 siradein the Cudgeller (level 8, -14/74 HPs)
             Began as a Troll Fighter on Aug 16, 2021.
             Was an Initiate of Qazlal.
             Killed from afar by a centaur (19 damage)
             ... with a bolt of acid
             ... on level 6 of the Dungeon.
             The game lasted 00:13:44 (5229 turns).

siradein the Cudgeller (Troll Fighter)              Turns: 5229, Time: 00:13:44

Health: -14/74     AC:  0    Str: 25 (27) XL:     8   Next: 57%
Magic:  18/18      EV:  7    Int:  2 (4)  God:    Qazlal [......]
Gold:   217        SH: 16    Dex:  6 (9)  Spells: 7/7 levels left

rFire   . . .      SeeInvis .   x - +2 war axe (vamp)
rCold   . . .      Faith    +   s - +0 tower shield
rNeg    . . .      Spirit   .   k - +0 animal skin
rPois   .          Reflect  .   (helmet restricted)
rElec   .          Harm     .   (no cloak)
rCorr   .          Rampage  .   (gloves unavailable)
Will    .....                   (boots unavailable)
Stlth   +.........              i - amulet of faith
HPRegen 1.22/turn               y - ring of magical power
MPRegen 0.16/turn               u - ring of flight

@: corroded, flying, very slightly contaminated, invisible
A: large, unfitting armour, claws 3, regeneration 1, shaggy fur 1, tough skin 1
a: Renounce Religion


You were on level 6 of the Dungeon.
You worshipped Qazlal.
Qazlal was noncommittal.
You visited 2 branches of the dungeon, and saw 7 of its levels.

You collected 217 gold pieces.

Inventory:

Hand Weapons
 a - a +0 flail
 x - a +2 vampiric war axe (weapon)
Missiles
 j - 4 javelins (quivered)
Armour
 k - a +0 animal skin (worn)
 s - a +0 tower shield (worn)
Jewellery
 e - a ring of ice
 i - an amulet of faith (around neck)
 u - a ring of flight (right claw)
 y - a ring of magical power (left claw)
Wands
 c - a wand of iceblast (7)
 r - a wand of polymorph (12)
Scrolls
 b - 3 scrolls of teleportation {unknown}
 f - 3 scrolls of identify {unknown}
 g - 2 scrolls of fear {unknown}
 h - 4 scrolls of holy word {unknown}
 n - a scroll of immolation {unknown}
 p - 2 scrolls of magic mapping {unknown}
 w - a scroll of brand weapon {unknown}
 A - a scroll of noise {unknown}
Potions
 d - a potion of might
 m - a potion of cancellation {unknown}
 o - 2 potions of mutation {unknown}
 q - 3 potions of haste
 t - a potion of lignification {unknown}
 v - a potion of flight {unknown}
 z - a potion of degeneration
 B - a potion of curing {unknown}


   Skills:
 - Level 2.4 Fighting
 + Level 6.8 Maces & Flails
 - Level 2.4 Dodging
 + Level 6.5 Shields
 + Level 3.0 Invocations


You had 7 spell levels left.
You didn't know any spells.
Your spell library contained the following spells:

 Spells                   Type           Power      Damage    Failure   Level
 Beastly Appendage        Tmut           0%         N/A       99%         1
 Corpse Rot               Necr/Air       N/A        N/A       99%         2
 Sublimation of Blood     Necr           0%         N/A       99%         2
 Wereblood                Tmut           0%         N/A       99%         2
 Inner Flame              Hex/Fire       0%         N/A       100%        3
 Spider Form              Tmut/Pois      0%         N/A       100%        3
 Cause Fear               Hex            0%         N/A       100%        4
 Dispel Undead            Necr           0%         3d6       100%        4
 Death Channel            Necr           0%         N/A       100%        6
 Summon Hydra             Summ           0%         N/A       100%        7
 Discord                  Hex            0%         N/A       100%        8


Dungeon Overview and Level Annotations

Branches:
Dungeon (6/15)             Temple (1/1) D:5

Altars:
Ashenzari
Cheibriados
Dithmenos
Elyvilon
Fedhas
Hepliaklqana
Kikubaaqudgha
Makhleb
Okawaru
Qazlal
Ru
Sif Muna
Vehumet
Wu Jian
Xom
Zin
The Shining One

Shops:
D:1 (

Annotations:
D:6 1 runed translucent door, Nausicaa's ghost, weakling VSDe


Innate Abilities, Weirdness & Mutations

You are too large for most types of armour.
You have claws for hands.
Your natural rate of healing is unusually fast.
You are covered in fur. (AC +1)
You have tough skin. (AC +1)


Message History

A centaur is nearby!
A centaur is nearby!
A centaur is nearby!
A centaur is nearby!
The centaur shouts!
The centaur wields a +0 shortbow.
The centaur shoots an arrow.
The arrow closely misses you.
The centaur zaps a wand.
The bolt of acid hits you! The acid corrodes you!
You are splashed with acid!
The centaur shoots an arrow.
You block the arrow.
The centaur shoots an arrow.
The arrow hits you!
The centaur shoots an arrow.
You block the arrow.
The centaur shoots an arrow.
You block the arrow.
The centaur zaps a wand.
The bolt of acid misses you.
The centaur zaps a wand.
The bolt of acid misses you.
The centaur unwields a +0 shortbow.
You block the centaur's attack. The centaur kicks you.
You closely miss the centaur. The centaur barely misses you. x2
The centaur zaps a wand.
The bolt of acid hits you!!
* * * LOW HITPOINT WARNING * * *
The acid corrodes you!
You are splashed with acid!
* * * LOW HITPOINT WARNING * * *
You are too injured to fight recklessly!
You are too injured to fight recklessly!
You are too injured to fight recklessly!
It was a potion of degeneration.
There was something very wrong with that liquid.
You feel weakened.
You feel dopey.
You feel clumsy. The centaur hits you.
* * * LOW HITPOINT WARNING * * *
You block the centaur's attack.
It was a potion of invisibility.
You fade into invisibility!
You block the centaur's attack. x2; The centaur hits you.
* * * LOW HITPOINT WARNING * * *
The centaur kicks you.
* * * LOW HITPOINT WARNING * * *
You are very lightly contaminated with residual magic.
You hit the centaur but do no damage. You block the centaur's attack. x2
The centaur zaps a wand.
The bolt of acid hits you!!
You die...

#.#.#.#####.##..... #.#.#.#
#.......... #.#.#.# #.#.##.....
#.#.#.# #.#..######
####.#.#.###.##.## #
##....#.......##..# #
#.####.........#######.# #
#.......##############.## #
#####......@c...........# #
#...###############.####
#...#...# #.>..........
#...#.#.####.######..#..
#.#)#.#......# #..#..
#.#)#.#####..# #..#..
########.#)).....#..# #..#..
#..........#.###.#..# #...##
#.######.#.#.###.#..######.#.##


You could see a centaur.

Vanquished Creatures
  Sigmund (D:5)
  2 water moccasins (D:5)
  A necrophage (D:5)
  A black bear (D:4)
  An ice beast (D:5)
  An ogre (D:6)
  A centaur (D:5)
  A gnoll sergeant (D:5)
  A bullfrog (D:6)
  2 scorpions
  A howler monkey (D:5)
  A centaur zombie (D:5)
  A jelly (D:5)
  A centaur skeleton (D:6)
  2 hounds
  An iguana (D:5)
  An orc wizard (D:5)
  A killer bee zombie (D:5)
  A hound skeleton (D:5)
  Robin (D:1)
  9 gnolls
  5 adders
  An ufetubus (D:6)
  3 worms
  6 orcs
  5 endoplasms
  7 giant cockroaches
  18 goblins
  9 hobgoblins
  8 jackals
  A quokka (D:2)
  6 ball pythons
  3 bats
  6 frilled lizards
  7 kobolds
  6 rats
123 creatures vanquished.

Vanquished Creatures (others)
  2 withered plants (D:6)
2 creatures vanquished.

Grand Total: 125 creatures vanquished

Notes
Turn   | Place    | Note
-------+----------+-------------------------------------------
     0 | D:1      | siradein the Troll Fighter began the quest for the Orb.
     0 | D:1      | Reached XP level 1. HP: 22/22 MP: 0/0
   170 | D:1      | Reached XP level 2. HP: 29/29 MP: 1/1
   192 | D:1      | Found Xinuew's Weapon Shoppe.
   739 | D:1      | Reached XP level 3. HP: 36/36 MP: 2/2
   840 | D:2      | Found a burning altar of Makhleb.
   840 | D:2      | Noticed Robin
   908 | D:2      | Reached XP level 4. HP: 38/44 MP: 3/3
   938 | D:1      | Killed Robin
  1715 | D:3      | Reached XP level 5. HP: 47/50 MP: 4/4
  1724 | D:3      | Found a blossoming altar of Fedhas.
  2119 | D:4      | Identified the +7 chain mail of Migojy {rF+ rC- Regen+
                  | Stlth+}
  2416 | D:4      | Noticed a black bear
  2435 | D:4      | Killed a black bear
  2436 | D:4      | Reached XP level 6. HP: 21/59 MP: 5/5
  2673 | D:5      | Entered Level 5 of the Dungeon
  3416 | D:5      | Noticed a water moccasin
  3429 | D:5      | HP: 1/59 [poisoned by a water moccasin]
  3430 | D:5      | Killed a water moccasin
  3431 | D:5      | Reached skill level 5 in Maces & Flails
  3431 | D:5      | Reached skill level 5 in Shields
  3431 | D:5      | Reached XP level 7. HP: 2/66 MP: 6/6
  3434 | D:5      | HP: 2/66 [poisoned by a water moccasin]
  3857 | D:5      | Found a staircase to the Ecumenical Temple.
  3973 | Temple   | Entered the Ecumenical Temple
  4144 | Temple   | Became a worshipper of Qazlal Stormbringer
  4300 | D:5      | Noticed Sigmund
  4319 | D:5      | Killed Sigmund
  4320 | D:5      | Reached skill level 1 in Invocations
  4320 | D:5      | Reached XP level 8. HP: 32/74 MP: 6/8
  4917 | D:6      | Found a runed translucent door.
  4918 | D:6      | Noticed Nausicaa's ghost (weakling VSDe)
  5228 | D:6      | HP: 3/74 [centaur (2)]
  5229 | D:6      | Killed from afar by a centaur

Illustrated notes

Levels and vault maps discovered:
D:1:      lemuel_arrival_cross, layout_basic, serial_shops, shop
D:2:      layout_rooms, basic_altar, uniq_robin
D:3:      layout_basic, fedhas_altar_fruit_tree
D:4:      layout_basic, serial_park_tiny_pond
D:5:      layout_basic, minmay_temple_entry_glass, uniq_sigmund
D:6:      layout_basic, gammafunk_ghost_grave
Temple:   eino_temple_scatter_basement

Skill      XL: |  1  2  3  4  5  6  7  8 |
---------------+-------------------------+-----
Maces & Flails | 2 3 4 5 6 |  6.8
Shields        | 3 4 5 6 |  6.5
Invocations    | 1 3 |  3.0
Fighting       | |  2.4
Dodging        | |  2.4

Action                   |  1- 3 |  4- 6 |  7- 9 || total
-------------------------+-------+-------+-------++-------
Melee: Flail             |   161 |   182 |     8 ||   351
       War axe           |       |    12 |   116 ||   128
       Unarmed           |       |       |     3 ||     3
  Use: Potion            |       |       |     2 ||     2
 Stab: Sleeping          |       |     1 |       ||     1
Armor: Robe              |    85 |    28 |       ||   113
       Animal skin       |       |    45 |    30 ||    75
       Skin              |       |       |     1 ||     1
Dodge: Dodged            |    78 |    67 |    42 ||   187
Block: Kite shield       |   115 |    56 |       ||   171
       Tower shield      |       |    76 |   165 ||   241

Table legend: (Time is in decaauts)
 A = Elapsed time spent in this place.
 B = Non-inter-level travel time spent in this place.
 C = Inter-level travel time spent in this place.
 D = Time resting spent in this place.
 E = Time spent auto-exploring this place.
 F = Levels seen in this place.
 G = Mean time per level.
                   A        B        C        D        E       F      G
               +--------+--------+--------+--------+--------+-----+--------+
         Total |   5482 |   5392 |     90 |    658 |   3420 |   7 |  783.1 |
       Dungeon |   5297 |   5220 |     77 |    658 |   3277 |   6 |  882.8 |
        Temple |    184 |    171 |     13 |      0 |    143 |   1 |  184.0 |
               +--------+--------+--------+--------+--------+-----+--------+

Top non-repeatable levels by time:
     D:5: 1946 daAuts
     D:1: 869 daAuts
     D:3: 790 daAuts
     D:4: 655 daAuts
     D:6: 534 daAuts
     D:2: 502 daAuts
  Temple: 184 daAuts
